 Dungeon Crawl Stone Soup version 0.29-a0-1027-gcd8c55af63 (webtiles) character file.

Game seed: 529563884339516787

8 27heaven the Charlatan (level 2, -1/12 HPs)
             Began as a Felid Artificer on Aug 12, 2022.
             Slain by a kobold
             ... wielding a +0 whip
              (6 damage)
             ... on level 1 of the Dungeon.
             The game lasted 00:03:25 (656 turns).

27heaven the Charlatan (Felid Artificer)             Turns: 656, Time: 00:03:25

Health: -1/12      AC:  1    Str:  8    XL:     2   Next: 0%
Magic:  3/3        EV: 18    Int: 12    God:
Gold:   5          SH:  0    Dex: 16    Spells: 1/1 levels left
                                        Lives:  0   Deaths: 0

rFire   . . .      SeeInvis +   (weapon unavailable)
rCold   . . .      Faith    .   (shield unavailable)
rNeg    . . .      Spirit   .   (body armour unavailable)
rPois   .          Reflect  .   (helmet unavailable)
rElec   .          Harm     .   (cloak unavailable)
rCorr   .          Rampage  .   (gloves unavailable)
Will    .....                   (boots unavailable)
Stlth   ++........              (no amulet)
HPRegen 0.04/turn               (no ring)
MPRegen 0.08/turn               (no ring)

@: quick
A: very small, claws 1, fangs 3, see invisible, speed 1, shaggy fur 1, stealthy
paws, no weapons or thrown items, no armour, multi-lived
a: no special abilities


You were on level 1 of the Dungeon.
You visited 1 branch of the dungeon, and saw 1 of its levels.

You collected 17 gold pieces.
You spent 12 gold pieces at shops.

Inventory:

Wands
 a - a wand of flame (15) (quivered)
 b - a wand of charming (15)
 c - a wand of iceblast (9)
Potions
 d - a potion of invisibility {unknown}


   Skills:
 + Level 1.2 Fighting
 + Level 3.4 Dodging
 - Level 1.3 Stealth
 + Level 0.4 Unarmed Combat
 + Level 0.4 Spellcasting
 + Level 3.4 Evocations


You had one spell level left.
You didn't know any spells.
Your spell library was empty.

Dungeon Overview and Level Annotations

Branches:
Dungeon (1/15)

Altars:

Shops:
D:1 ::(!


Innate Abilities, Weirdness & Mutations

You have sharp claws.
You have razor-sharp teeth.
You have supernaturally acute eyesight. (SInv)
You cover ground quickly. (Speed+)
You are covered in fur. (AC +1)
Your paws help you pounce on unaware monsters.
You are incapable of wielding weapons or throwing items.
You cannot wear armour.
You gain extra lives every three experience levels.


Message History

The endoplasm quivers.
The gnoll shouts!
You scratch the goblin.
You kill the goblin!
You have reached level 2!
You scratch the gnoll. You bite the gnoll, but do no damage.
The gnoll is lightly wounded.
The gnoll barely misses you.
You scratch the gnoll.
The gnoll is moderately wounded.
The gnoll closely misses you.
You scratch the gnoll but do no damage.
The gnoll is moderately wounded.
The gnoll hits you with a +0 club!
Ouch! That really hurt!
You scratch the gnoll but do no damage.
The gnoll is moderately wounded.
The gnoll hits you with a +0 club.
* * * LOW HITPOINT WARNING * * *
A rat comes into view.
There is a stone staircase leading down here.
There is a stone staircase leading down here.
A quokka comes into view.
A kobold comes into view. It is wielding a +0 dagger.
The kobold shouts!
An endoplasm comes into view.
Found a falchion.
You see here a +0 falchion.
A kobold comes into view. It is wielding a +0 whip.
The kobold shouts!
The kobold throws a stone.
The stone barely misses you. The kobold hits you but does no damage.
The kobold barely misses you. The kobold barely misses you.
You closely miss the kobold. The kobold misses you.
You closely miss the kobold. The kobold barely misses you.
You closely miss the kobold. The kobold misses you.
You miss the kobold. The kobold hits you with a +0 whip.
Ouch! That really hurt!
You die...

#######
#.....########
#..@K.J.g....#
#..#########.#
#.. #..)# #..
#.#.# ...
#.#.# #.#. #
#.# #.#. #J#
#... #.# #.
#g#


You could see a gnoll, an endoplasm and a kobold.

Vanquished Creatures
  A ball python (D:1)
  A giant cockroach (D:1)
  A goblin (D:1)
  A hobgoblin (D:1)
  A quokka (D:1)
  2 rats (D:1)
7 creatures vanquished.

Notes
Turn   | Place    | Note
-------+----------+-------------------------------------------
     0 | D:1      | 27heaven the Felid Artificer began the quest for the Orb.
     0 | D:1      | Reached XP level 1. HP: 9/9 MP: 2/2
     5 | D:1      | Found Kiapri's Book Emporium.
   203 | D:1      | Found Fenozokh's Distillery.
   209 | D:1      | Found Beowout's Weapon Emporium.
   235 | D:1      | Bought a potion of degeneration for 12 gold pieces
   468 | D:1      | Found Uruos's Book Shop.
   592 | D:1      | Reached XP level 2. HP: 12/12 MP: 3/3
   656 | D:1      | Slain by a kobold

Illustrated notes

Levels and vault maps discovered:
D:1:      dpeg_arrival_tiny_i, layout_rooms, serial_curves, eino_curves_02,
          eino_curves_03, eino_curves_02, eino_curves_03, serial_shops,
          nicolae_shop_hallway_plus, nicolae_shop_trees,
          nicolae_shop_behind_doors, nicolae_square_shop, shop_fountains,
          minivault_27, supply_closet_lemuel

Action                   || total
-------------------------++-------
Melee: Unarmed           ||    33
       Bite              ||     2
Armor: Skin              ||     2
Dodge: Dodged            ||    31

Table legend: (Time is in decaauts)
 A = Elapsed time spent in this place.
 B = Non-inter-level travel time spent in this place.
 C = Inter-level travel time spent in this place.
 D = Time resting spent in this place.
 E = Time spent auto-exploring this place.
 F = Levels seen in this place.
 G = Mean time per level.
                   A        B        C        D        E       F      G
               +--------+--------+--------+--------+--------+-----+--------+
         Total |    602 |    602 |      0 |    315 |     99 |   1 |  602.0 |
       Dungeon |    602 |    602 |      0 |    315 |     99 |   1 |  602.0 |
               +--------+--------+--------+--------+--------+-----+--------+

Top non-repeatable levels by time:
     D:1: 602 daAuts
